 Dungeon Crawl Stone Soup version 0.23-a0-49-gd9f7a49668 (webtiles) character file.

658000 strelocc the Slayer (level 27, 10/250 HPs)
             Began as a Hill Orc Fighter on Aug 6, 2018.
             Was an Elder of Zin.
             Quit the game on level 1 of the Abyss.
             The game lasted 03:49:43 (99222 turns).

strelocc the Slayer (Hill Orc Fighter)             Turns: 99222, Time: 03:49:44

Health: 10/250     AC: 34    Str: 41    XL:     27
Magic:  37/37      EV:  6    Int:  8    God:    Zin [****..]
Gold:   1204       SH: 11    Dex:  3    Spells: 37/38 levels left

rFire    + + +     SeeInvis +   z - +9 hand axe (elec)
rCold    + . .     Gourm    .   c - +3 warlock's mirror {reflect}
rNeg     + . .     Faith    .   B - +7 plate armour {rF+}
rPois    .         Spirit   .   X - +0 helmet {SInv}
rElec    +         Reflect  +   m - scarf {rC+ rF+}
rCorr    +         Harm     .   L - +2 pair of gloves {Str+3}
MR       +++++                  a - +0 pair of boots {Stlth+}
Stlth    ..........             h - amulet of Due Proportion {+Rage rElec rN+ Str+4 Dex-4}
HPRegen  0.51/turn              y - ring of Scepticism {rCorr rF+}
MPRegen  0.25/turn              Y - ring of Ossi Orcheri {+Blink MR+++ Str+2 Dex-3 Stlth+}

@: berserk cooldown, slowed, constricted, drained, very slow
A: no striking features
}: 4/15 runes: decaying, serpentine, silver, abyssal
a: Recite, Vitalisation, Imprison, Donate Gold, Renounce Religion, Evoke Blink,
Evoke Berserk Rage


You were on level 1 of the Abyss.
You worshipped Zin.
Zin was greatly pleased with you.
You were not hungry.

You visited 12 branches of the dungeon, and saw 55 of its levels.
You visited the Abyss 6 times.
You also visited: Trove, Sewer, Ice Cave, Volcano and Wizlab.

You collected 7054 gold pieces.
You spent 5297 gold pieces at shops.
You donated 553 gold pieces to Zin.

Inventory:

Hand Weapons
 e - a +9 antimagic broad axe
 o - a +7 fustibalus of flaming
 s - the +8 glaive "Fieseog" {holy, *Noise rC++ rN+++}
   (You found it on level 1 of the Elven Halls)

   It has been blessed by the Shining One to cause great damage to the undead
   and demons.
   It greatly protects you from cold.
   It renders you almost immune to negative energy.
   It may make noises in combat.
 z - a +9 hand axe of electrocution (weapon)
Missiles
 q - 385 sling bullets
Armour
 a - a +0 pair of boots of stealth (worn)
 c - the +3 warlock's mirror (worn) {reflect}
   (You bought it in a shop on level 11 of the Dungeon)
 g - +1 gold dragon scales
 m - a scarf of resistance (worn)
 B - a +7 plate armour of fire resistance (worn)
 L - a +2 pair of gloves of strength (worn)
 X - a +0 helmet of see invisible (worn)
Jewellery
 h - the amulet of Due Proportion (around neck) {+Rage rElec rN+ Str+4 Dex-4}
   (You took it off an orc warrior on level 5 of the Vaults)

   [amulet of rage]

   It affects your strength (+4).
   It affects your dexterity (-4).
   It insulates you from electricity.
   It protects you from negative energy.
   It lets you go berserk.
 y - the ring of Scepticism (left hand) {rCorr rF+}
   (You found it on level 3 of the Elven Halls)

   [ring of resist corrosion]

   It protects you from fire.
 H - an uncursed ring of protection from fire
 P - the ring of the Peculiar Cities {MR+ EV+3 SInv}
   (You found it on level 3 of the Elven Halls)

   [ring of evasion]

   It affects your evasion (+3).
   It affects your resistance to hostile enchantments.
   It lets you see invisible.
 Y - the ring of Ossi Orcheri (right hand) {+Blink MR+++ Str+2 Dex-3 Stlth+}
   (You found it on level 3 of the Elven Halls)

   [ring of stealth]

   It affects your strength (+2).
   It affects your dexterity (-3).
   It affects your resistance to hostile enchantments.
   It lets you blink.
   It makes you more stealthy.
 Z - an uncursed ring of protection from cold
Wands
 b - a wand of disintegration (35)
 k - a wand of digging (54)
 x - a wand of flame (188)
 M - a wand of iceblast (85)
 V - a wand of acid (5)
Scrolls
 j - 23 scrolls of remove curse
 n - 3 scrolls of amnesia
 C - 6 scrolls of silence
 E - 9 scrolls of blinking
 F - 8 scrolls of fear
 K - 11 scrolls of fog
 Q - 5 scrolls of holy word
 R - 13 scrolls of magic mapping
 T - 13 scrolls of teleportation
Potions
 d - 5 potions of might
 l - 13 potions of agility
 p - 6 potions of flight
 r - 4 potions of invisibility
 t - 8 potions of haste
 w - 2 potions of curing
 I - 4 potions of resistance
 N - 6 potions of magic
 O - 9 potions of cancellation
Miscellaneous
 u - a sack of spiders
 v - a lightning rod (4/4)
 D - a lamp of fire
 S - a phial of floods
 U - a fan of gales
Comestibles
 f - 9 rations


   Skills:
 + Level 21.1(20.7) Fighting
 - Level 20.0(22.0) Axes
 + Level 16.1(18.6) Polearms
 - Level 14.1(13.8) Slings
 + Level 20.9(20.5) Armour
 + Level 20.9(20.5) Shields
 - Level 6.3(6.0) Spellcasting
 - Level 9.0(8.7) Summonings
 - Level 20.0(19.6) Invocations
 - Level 20.0(19.6) Evocations


You had 37 spell levels left.
You knew the following spells:

 Your Spells              Type           Power        Failure   Level  Hunger
a - Summon Butterflies    Summ           ###.....     1%          1    #......

Your spell library contained the following spells:

 Spells                   Type           Power        Failure   Level  Hunger
 Cause Fear               Hex            #.........   100%        4    #####..
 Magic Dart               Conj           #...         54%         1    #......
 Apportation              Tloc           #.....       54%         1    #......
 Conjure Flame            Conj/Fire      #.......     89%         3    ###....
 Bolt of Cold             Conj/Ice       #.........   100%        6    #######
 Lightning Bolt           Conj/Air       #.........   100%        5    ######.
 Bolt of Magma            Conj/Fire/Erth #.........   100%        5    ######.
 Slow                     Hex            #.......     69%         2    ##.....
 Confuse                  Hex            #.......     89%         3    ###....
 Invisibility             Hex            #.......     100%        6    #######
 Throw Frost              Conj/Ice       #.....       69%         2    ##.....
 Freezing Cloud           Conj/Ice/Air   #.........   100%        6    #######
 Mephitic Cloud           Conj/Pois/Air  #.......     89%         3    ###....
 Venom Bolt               Conj/Pois      #.........   100%        5    ######.
 Bolt of Draining         Conj/Necr      #.........   100%        5    ######.
 Blink                    Tloc           N/A          69%         2    ##.....
 Iskenderun's Mystic Bla  Conj           #.......     100%        4    #####..
 Animate Dead             Necr           N/A          100%        4    #####..
 Pain                     Necr           #...         54%         1    #......
 Animate Skeleton         Necr           N/A          54%         1    #......
 Vampiric Draining        Necr           #.........   89%         3    ###....
 Freeze                   Ice            #...         54%         1    #......
 Ozocubu's Refrigeration  Ice            #.........   100%        6    #######
 Summon Ice Beast         Ice/Summ       #.......     73%         4    #####..
 Ozocubu's Armour         Chrm/Ice       #.......     89%         3    ###....
 Call Imp                 Summ           ###.....     2%          2    ##.....
 Dispel Undead            Necr           #.......     100%        5    ######.
 Regeneration             Chrm/Necr      #.........   89%         3    ###....
 Sting                    Conj/Pois      #...         54%         1    #......
 Sublimation of Blood     Necr           #.........   69%         2    ##.....
 Tukima's Dance           Hex            #.......     89%         3    ###....
 Corpse Rot               Necr           N/A          69%         2    ##.....
 Iron Shot                Conj/Erth      #.........   100%        6    #######
 Stone Arrow              Conj/Erth      #.....       89%         3    ###....
 Shock                    Conj/Air       #...         54%         1    #......
 Swiftness                Chrm/Air       #.......     69%         2    ##.....
 Agony                    Necr           #.......     100%        5    ######.
 Statue Form              Tmut/Erth      #........    100%        6    #######
 Ice Form                 Ice/Tmut       #.......     100%        4    #####..
 Dragon Form              Tmut           #.........   100%        7    #######
 Deflect Missiles         Chrm/Air       #.........   100%        6    #######
 Throw Icicle             Conj/Ice       #.......     100%        4    #####..
 Airstrike                Air            #.........   100%        4    #####..
 Passwall                 Tmut/Erth      #.......     69%         2    ##.....
 Ignite Poison            Fire/Tmut/Pois #.......     89%         3    ###....
 Ensorcelled Hibernation  Hex/Ice        #.....       69%         2    ##.....
 Metabolic Englaciation   Hex/Ice        #.........   100%        5    ######.
 Silence                  Hex/Air        #.........   100%        5    ######.
 Shatter                  Erth           #.........   100%        9    #######
 Dispersal                Tloc           #.........   100%        6    #######
 Static Discharge         Conj/Air       #.......     89%         3    ###....
 Corona                   Hex            #......      54%         1    #......
 Alistair's Intoxication  Tmut/Pois      #.......     100%        5    ######.
 Lee's Rapid Deconstruct  Erth           #.........   100%        5    ######.
 Sandblast                Erth           #.....       54%         1    #......
 Simulacrum               Ice/Necr       #.........   100%        6    #######
 Excruciating Wounds      Chrm/Necr      #.........   100%        5    ######.
 Portal Projectile        Hex/Tloc       #.....       89%         3    ###....
 Petrify                  Tmut/Erth      #.......     100%        4    #####..
 Passage of Golubria      Tloc           N/A          100%        4    #####..
 Orb of Destruction       Conj           #.........   100%        7    #######
 Leda's Liquefaction      Hex/Erth       #.........   100%        4    #####..
 Summon Hydra             Summ           ###.......   100%        7    #######
 Darkness                 Hex            #.........   100%        6    #######
 Shroud of Golubria       Chrm/Tloc      #.........   69%         2    ##.....
 Inner Flame              Hex/Fire       #.......     89%         3    ###....
 Beastly Appendage        Tmut           #.....       54%         1    #......
 Iskenderun's Battlesphe  Conj/Chrm      #.......     100%        5    ######.
 Fulminant Prism          Conj/Hex       #.........   100%        4    #####..
 Dazzling Spray           Conj/Hex       #.....       89%         3    ###....
 Force Lance              Conj/Tloc      #.......     100%        4    #####..
 Infusion                 Chrm           #...         54%         1    #......
 Song of Slaying          Chrm           #.......     69%         2    ##.....
 Spectral Weapon          Hex/Chrm       #.......     89%         3    ###....
 Searing Ray              Conj           #.....       69%         2    ##.....
 Discord                  Hex            #.........   100%        8    #######
 Summon Forest            Summ/Tloc      #.........   97%         5    ######.
 Spellforged Servitor     Conj/Summ      #.........   100%        7    #######
 Hydra Form               Tmut           #.........   100%        6    #######
 Irradiate                Conj/Tmut      #.........   100%        5    ######.
 Yara's Violent Unravell  Hex/Tmut       #.........   100%        5    ######.
 Lesser Beckoning         Tloc           #.........   89%         3    ###....
 Ignition                 Fire           #.........   100%        8    #######


Dungeon Overview and Level Annotations

Branches:
Dungeon (15/15)            Temple (1/1) D:6            Lair (6/6) D:11
  Swamp (4/4) Lair:3        Snake (4/4) Lair:2        Slime (5/5) Lair:6
    Orc (2/2) D:9             Elf (3/3) Orc:2        Vaults (5/5) D:13
  Crypt (0/3) Vaults:3     Depths (5/5) D:15           Hell (1/1)
    Zot (4/5) Depths:5
    Dis: Hell:1         Geh: Hell:1         Coc: Hell:1         Tar: Hell:1

Altars:
Ashenzari
Cheibriados
Dithmenos
Gozag
Hepliaklqana
Kikubaaqudgha
Makhleb
Nemelex Xobeh
Okawaru
Qazlal
Trog
Wu Jian
Xom
Yredelemnul
Zin
The Shining One
Jiyva

Shops:
D:11 %[!%:   D:15 ?   Orc:2 *[:(   Elf:3 [   Vaults:1 *   Vaults:3 (
Depths:1 !:%(*   Depths:3 **   Depths:5 [

Portals:
Hell: Depths:1 Depths:2 Depths:3 Depths:4 Depths:5
Abyss: Depths:3 Depths:4 Depths:5
Pandemonium: Depths:3
Ziggurat: Depths:2

Annotations:
Lair:4 exclusion: 4 oklob plants
Slime:5 Royal Jelly


Message History

* * * LOW HITPOINT WARNING * * *
The tentacled monstrosity constricts you!
You feel better.
You block the tentacled monstrosity's attack.
The tentacled monstrosity tentacle-slaps you but does no damage. x2
The tentacled monstrosity constricts you.
A cyan very ugly thing comes into view.
The tentacled monstrosity tentacle-slaps you but does no damage. x3
* * * LOW HITPOINT WARNING * * *
The tentacled monstrosity constricts you.
The cyan very ugly thing gurgles horribly!
You slash the tentacled monstrosity!
The tentacled monstrosity is severely wounded.
The tentacled monstrosity barely misses you.
The tentacled monstrosity tentacle-slaps you but does no damage. x2
* * * LOW HITPOINT WARNING * * *
The tentacled monstrosity constricts you.
You hit the tentacled monstrosity.
The tentacled monstrosity is almost dead.
Are you sure you want to abandon this character and quit the game? (Confirm with "yes".)

### # ##
#.# . .#.#
##. # #.
#.##..
.#.#.....##
... ...#)#
#....#.#)#
#
#..#..X@#)#
.#.. #
#..##...#.
. #.# ...#.
. #.#
...u.# .
#.# # #...#
# . ##.#.#
# . #.#..##
..# #..# .
# .# .


You could see a tentacled monstrosity and a cyan very ugly thing.

Vanquished Creatures
  An orb of fire (Zot:2)
  Mennas (Depths:3)
  An ancient lich (Vaults:4)
  3 juggernauts
  Sojobo (Vaults:4)
  A greater mummy (WizLab)
  Boris (Vaults:3)
  The ghost of Aban Veq the Metallomancer, an adept GrEE of Vehumet (Vaults:1)
  Vashnia (Snake:2)
  The ghost of Porghap the Slayer, a veteran HOFi of Beogh (Elf:3)
  3 caustic shrikes (Depths:3)
  6 golden dragons
  The ghost of Pasur the Warrior, an adept MiFi of Makhleb (Depths:3)
  Geryon (Hell)
  Nikola (Swamp:3)
  A bone dragon (Depths:5)
  12 tentacled monstrosities
  A Hell Sentinel (Depths:5)
  2 titans
  2 liches
  A deep elf master archer (Elf:3)
  Asterion (Snake:2)
  4 quicksilver dragons
  22 acid blobs
  4 deep elf blademasters
  4 death cobs
  An Executioner (Abyss:2)
  2 ancient champions (Depths:1)
  7 storm dragons
  Gastronok (D:8)
  5 sphinxes
  8 tentacled starspawn
  The ghost of temitten the Fencer, an adept BaFi of Makhleb (D:15)
  A thorn hunter (Swamp:4)
  Frances (D:13)
  11 shadow dragons
  6 tengu reavers
  Donald (Elf:1)
  4 draconian monks
  15 azure jellies
  7 fire giants
  17 nagarajas
  3 draconian knights
  6 frost giants
  2 ghost moths
  10 vault wardens
  An iron dragon (Vaults:4)
  Louise (Depths:5)
  2 orc warlords (Orc:1)
  7 deep elf sorcerers
  5 draconian scorchers
  9 deep elf elementalists
  A cacodemon (Elf:3)
  4 draconian shifters
  An angel (Abyss:1)
  2 draconian annihilators
  2 spriggan defenders (Depths:2)
  15 stone giants
  2 draconian stormcallers (Zot:1)
  18 ironheart preservers
  A war gargoyle (Vaults:4)
  14 very ugly things
  A green draconian (Zot:1)
  6 deep elf demonologists
  A dire elephant (Lair:6)
  6 black draconians
  2 white draconians
  11 red draconians
  Azrael (Elf:2)
  9 purple draconians
  2 vampire knights
  13 deep elf annihilators
  4 spark wasps
  7 death oozes (Slime:5)
  5 yellow draconians
  11 ettins
  5 blizzard demons
  Snorg (D:10)
  2 crystal guardians (Vaults:5)
  A mummy priest (WizLab)
  2 merfolk impalers
  9 deep elf death magi
  A fire dragon (shapeshifter) (Vaults:4)
  10 great orbs of eyes
  A green death (Hell)
  8 fire dragons
  An ettin (shapeshifter) (Vaults:4)
  12 small abominations
  Fannar (D:10)
  31 vault guards
  7 deep elf high priests
  Josephine (D:11)
  14 rakshasas
  A great orb of eyes (shapeshifter) (Depths:1)
  A hell beast (Depths:1)
  Harold (D:9)
  10 ice dragons
  25 hydras
  7 spriggan air magi
  12 anacondas
  A hydra (shapeshifter) (Vaults:4)
  14 yaktaur captains
  29 naga warriors
  2 ghost crabs
  2 catoblepae
  A spectral frost giant (Vaults:1)
  18 centaur warriors
  A spectral fire giant (Vaults:1)
  17 ogre magi
  50 two-headed ogres
  8 deep troll shamans
  3 death knights
  A spectral sphinx (Vaults:1)
  30 dancing weapons
  3 alligators
  4 tengu warriors
  A spectral human (Vaults:1)
  6 spriggan berserkers
  A vampire mage (Depths:4)
  A titan zombie (WizLab)
  2 deep troll earth magi
  3 death yaks (Lair:6)
  5 thrashing horrors
  14 naga sharpshooters
  5 orc high priests
  21 hell knights
  Sonja (D:11)
  4 shock serpents
  5 wretched stars
  4 iron trolls
  Nergalle (Lair:3)
  4 soul eaters
  A fire crab (shapeshifter) (Vaults:3)
  A sun demon (Abyss:3)
  23 deep elf knights
  3 sixfirhies
  3 shadow wraiths
  3 salamander mystics
  2 spriggan druids
  23 deep trolls
  2 glowing orange brains
  3 spatial maelstroms
  21 skeletal warriors
  An unseen horror (Abyss:1)
  27 deep elf archers
  A death drake (Swamp:3)
  3 flayed ghosts
  8 naga ritualists
  5 wizards
  An obsidian statue (Depths:3)
  6 shambling mangroves
  7 swamp dragons
  An orange crystal statue (Depths:4)
  14 ironbrand convokers
  A lindwurm (shapeshifter) (Elf:3)
  3 phantasmal warriors
  2 tengu zombies
  A kraken simulacrum (Hell)
  An orb spider (shapeshifter) (Vaults:1)
  8 necromancers
  15 orc knights
  60 deep elf magi
  Pikel (D:4)
  8 orc sorcerers
  7 mana vipers
  13 shining eyes
  2 cyclopes
  2 worldbinders (Abyss:3)
  56 ugly things
  A tengu skeleton (Vaults:3)
  A salamander (shapeshifter) (Elf:3)
  5 wolf spiders
  An elephant (shapeshifter) (Vaults:5)
  A wolf spider zombie (D:13)
  10 salamanders
  13 moths of wrath
  Maurice (D:9)
  6 centaur zombies
  A fire giant skeleton (Abyss:3)
  2 rust devils (Depths:1)
  Psyche (D:11)
  14 elephants
  2 guardian serpents (shapeshifter)
  19 naga magi
  An apocalypse crab (Abyss:2)
  An ice statue (IceCv)
  3 demonspawn zombies (WizLab)
  14 vault sentinels
  4 eyes of devastation (Slime:4)
  10 guardian serpents
  17 spiny frogs
  An elf zombie (WizLab)
  47 black mambas
  An orange demon (Abyss:1)
  2 smoke demons (Abyss:3)
  2 gargoyles
  A hellion (Depths:4)
  4 kobold demonologists
  A yaktaur (shapeshifter) (Elf:3)
  47 yaktaurs
  2 rime drakes
  An efreet (Abyss:1)
  26 freezing wraiths
  5 swamp worm zombies (Swamp:3)
  5 guardian mummies (WizLab)
  2 yaktaur zombies (WizLab)
  9 komodo dragons
  A spectral deep troll (Vaults:1)
  5 tengu conjurers
  2 ice devils
  A queen bee (shapeshifter) (Depths:4)
  2 tengu simulacra
  A queen bee (Lair:1)
  9 trolls
  Prince Ribbit (D:9)
  A hydra zombie (Hell)
  2 red devils (Depths:1)
  6 ancient zymes
  A hornet (shapeshifter) (Depths:5)
  22 hornets
  6 tyrant leeches
  A jumping spider (shapeshifter) (Depths:3)
  A hydra skeleton (Hell)
  5 polar bears
  8 hippogriffs
  15 blink frogs
  2 deep troll zombies
  12 bog bodies
  160 slime creatures
  22 large abominations
  An ettin zombie (WizLab)
  9 raiju
  A meliai zombie (D:14)
  2 fire giant simulacra
  3 alligator zombies (Swamp:3)
  6 spectral swamp dragons (Swamp:3)
  An air elemental (Elf:1)
  10 spriggans
  A redback (shapeshifter) (Elf:3)
  Sigmund (D:4)
  3 ynoxinuls
  An ettin skeleton (Depths:1)
  3 shadows
  A flying skull (Abyss:2)
  10 wraiths
  7 water elementals
  A fire dragon skeleton (Depths:1)
  2 vampires
  6 wyverns
  19 yaks
  A deep troll skeleton (Depths:1)
  A human (D:9)
  4 tyrant leech zombies (Swamp:3)
  A hog (shapeshifter) (Elf:3)
  2 golden eyes (Slime:2)
  A golden eye (shapeshifter) (Elf:3)
  10 fire elementals
  Grum (D:9)
  A steam dragon (D:11)
  2 basilisks (Lair:4)
  A neqoxec (Abyss:3)
  2 yaktaur simulacra (Vaults:3)
  16 vampire mosquitoes
  A human simulacrum (Vaults:2)
  4 hungry ghosts
  A chaos spawn (Abyss:3)
  2 death yak simulacra (IceCv)
  10 insubstantial wisps
  7 wargs
  Menkaure (D:7)
  3 acid dragons
  A spatial vortex (Abyss:1)
  14 swamp worms
  63 nagas
  A soldier ant (shapeshifter) (Vaults:4)
  9 water moccasins
  A floating eye (Depths:4)
  8 porcupines
  6 hell hounds
  5 spiny frog zombies
  54 orc warriors
  10 ice beasts
  A sky beast (shapeshifter) (Elf:3)
  A black bear (shapeshifter) (D:15)
  16 swamp drakes
  2 phantoms
  A meliai simulacrum (D:15)
  3 black bears
  13 eyes of draining
  4 sky beasts
  An ice beast (shapeshifter) (Elf:3)
  3 necrophages
  40 ogres
  3 boggarts (Depths:4)
  An eye of draining (shapeshifter) (Vaults:3)
  29 centaurs
  A wolf (shapeshifter) (Depths:1)
  27 wolves
  A swamp dragon skeleton (Abyss:2)
  16 crocodiles
  A crocodile (shapeshifter) (Elf:3)
  7 big kobolds
  2 deep troll simulacra (Vaults:1)
  29 bullfrogs
  A glowing shapeshifter simulacrum (Vaults:1)
  7 earth elementals
  2 wyvern zombies
  A wyvern skeleton (D:10)
  4 scorpions
  A hornet simulacrum (D:14)
  A troll zombie (Swamp:3)
  An elf simulacrum (Vaults:1)
  25 killer bees (Lair:1)
  4 spriggan zombies
  A spriggan skeleton (Abyss:1)
  18 wights
  An electric eel (Lair:5)
  17 crimson imps
  2 bullfrog zombies
  2 quasits
  17 starcursed masses
  5 bullfrog skeletons
  5 draconian simulacra (IceCv)
  8 hounds
  7 jellies
  3 centaur skeletons
  A gnoll shaman (D:9)
  34 orc priests
  Natasha (thrice) (D:3)
  30 orc wizards
  Jessica (D:2)
  4 hell rats
  3 iguanas
  2 lightning spires (Abyss:3)
  2 polar bear simulacra (IceCv)
  Terence (D:3)
  10 worker ants
  6 troll simulacra (IceCv)
  A spriggan simulacrum (IceCv)
  6 centaur simulacra
  A hound zombie (D:11)
  A hound skeleton (D:4)
  7 gnolls
  10 adders
  A howler monkey skeleton (D:7)
  2 naga simulacra (IceCv)
  An ogre simulacrum (IceCv)
  3 river rats (D:6)
  4 shadow imps
  14 white imps
  An ufetubus (Abyss:3)
  14 oozes
  An adder skeleton (D:6)
  3 worms
  A dart slug (D:1)
  18 leopard geckos
  127 orcs
  19 ball pythons
  6 bats
  8 giant cockroaches
  4 hobgoblins
  6 jackals
  4 quokkas
  13 frilled lizards
  3 goblins
  23 kobolds
  A quokka skeleton (D:6)
  8 rats
  A butterfly (Lair:6)
  2 crawling corpses
  A fungus (Lair:4)
  2 lurking horrors
  8 pillars of salt
  5 plants
  9 starspawn tentacles
  A tentacle (Hell)
  2 withered plants (Swamp:3)
2792 creatures vanquished.

Vanquished Creatures (collateral kills)
  Tiamat (Zot:3)
  2 hydras
  An ogre mage (D:15)
  Urug (D:11)
  2 ugly things (D:15)
  2 oklob plants (D:11)
  A kobold demonologist (D:11)
  A wight (D:15)
  2 kobolds (D:11)
13 creatures vanquished.

Vanquished Creatures (others)
  A deep elf sorcerer (Elf:3)
  A vampire knight (Depths:5)
  4 yaktaur captains (Vaults:5)
  A hydra (Swamp:4)
  A naga sharpshooter (Snake:3)
  3 deep elf archers
  3 deep elf magi
  A cyclops (Vaults:1)
  A black mamba (Swamp:4)
  A smoke demon (Abyss:3)
  9 yaktaurs
  A raiju (Abyss:3)
  A water elemental (Elf:2)
  A swamp worm (Swamp:4)
  2 slaves (D:4)
  4 centaurs
  An orc wizard (D:4)
  A hell rat (Hell)
  An adder (Swamp:4)
  An adder skeleton (D:4)
  An orc (D:4)
  A ball python (Swamp:4)
  2 fungi (Lair:3)
  A lurking horror (Abyss:3)
  15 pillars of salt
  5 plants
  13 starspawn tentacles
  9 tentacles
86 creatures vanquished.

Grand Total: 2891 creatures vanquished

Notes
Turn   | Place    | Note
-------+----------+-------------------------------------------
     0 | D:1      | strelocc the Hill Orc Fighter began the quest for the Orb.
     0 | D:1      | Reached XP level 1. HP: 19/19 MP: 1/1
   124 | D:1      | Reached XP level 2. HP: 27/27 MP: 2/2
   895 | D:2      | Noticed Jessica
   900 | D:2      | Killed Jessica
   900 | D:2      | Reached skill level 4 in Fighting
   900 | D:2      | Reached XP level 3. HP: 33/33 MP: 3/3
   908 | D:2      | Found an ornate altar of the Wu Jian Council.
   994 | D:2      | Reached XP level 4. HP: 27/40 MP: 4/4
  1174 | D:3      | Found a shadowy altar of Dithmenos.
  1204 | D:3      | Noticed Terence
  1210 | D:3      | Killed Terence
  1211 | D:3      | Reached XP level 5. HP: 31/47 MP: 5/5
  1488 | D:3      | Noticed Natasha
  1512 | D:3      | Killed Natasha
  1512 | D:3      | Reached skill level 5 in Axes
  1724 | D:3      | Noticed Natasha
  1731 | D:3      | Killed Natasha
  1789 | D:3      | Found a stormy altar of Qazlal.
  1899 | D:3      | Found a glowing silver altar of Zin.
  2109 | D:3      | Found a shadowy altar of Dithmenos.
  2145 | D:3      | Noticed Natasha
  2154 | D:3      | Killed Natasha
  2154 | D:3      | Reached XP level 6. HP: 42/55 MP: 6/6
  2206 | D:4      | Reached skill level 5 in Fighting
  2252 | D:4      | Noticed Pikel
  2252 | D:4      | Noticed a slave
  2252 | D:4      | Noticed a slave
  2254 | D:4      | Noticed a slave
  2255 | D:4      | Noticed a slave
  2262 | D:4      | Killed Pikel
  2262 | D:4      | Reached skill level 5 in Armour
  2262 | D:4      | Reached skill level 5 in Shields
  2262 | D:4      | Reached XP level 7. HP: 53/62 MP: 7/7
  2265 | D:4      | Found a bloodstained altar of Trog.
  2551 | D:4      | Reached XP level 8. HP: 45/70 MP: 8/8
  2998 | D:4      | Noticed Sigmund
  3011 | D:4      | Killed Sigmund
  3011 | D:4      | Reached skill level 6 in Fighting
  3370 | D:5      | Entered Level 5 of the Dungeon
  4374 | D:6      | Reached skill level 7 in Fighting
  4374 | D:6      | Reached XP level 9. HP: 72/79 MP: 9/9
  4433 | D:6      | Found a glowing drain.
  4444 | Sewer    | Entered a sewer
  4723 | Sewer    | Reached skill level 10 in Axes
  5071 | D:6      | Found a staircase to the Ecumenical Temple.
  5196 | Temple   | Entered the Ecumenical Temple
  5233 | Temple   | Became a worshipper of the Shining One
  5486 | D:7      | Reached skill level 8 in Fighting
  5709 | D:7      | Noticed Menkaure
  5716 | D:7      | Killed Menkaure
  6203 | D:8      | Reached XP level 10. HP: 86/88 MP: 10/10
  6263 | D:8      | Noticed Gastronok
  6672 | D:8      | Killed Gastronok
  6672 | D:8      | Reached skill level 9 in Fighting
  6705 | D:8      | Got a bloodstained plate armour
  6716 | D:8      | Identified the +9 plate armour of the Known World {rC++ Dex+4} (You took it off an orc on level 8 of the Dungeon)
  7235 | D:8      | Found a shimmering altar of Xom.
  7478 | D:9      | Noticed Prince Ribbit
  7478 | D:9      | Reached * piety under the Shining One
  7480 | D:9      | Noticed Harold
  7529 | D:9      | Reached skill level 1 in Invocations
  7552 | D:9      | Noticed Grum
  7565 | D:9      | Killed Grum
  7565 | D:9      | Reached skill level 1 in Evocations
  7646 | D:9      | Reached XP level 11. HP: 97/97 MP: 11/13
  7647 | D:9      | Noticed a two-headed ogre
  7670 | D:9      | Killed a two-headed ogre
  7745 | D:9      | Found a staircase to the Orcish Mines.
  7803 | D:9      | Noticed Maurice
  7819 | D:9      | Killed Maurice
  7900 | D:9      | Killed Harold
  7927 | D:9      | Killed Prince Ribbit
  8268 | D:9      | Reached ** piety under the Shining One
  8274 | D:9      | Reached skill level 5 in Invocations
  8374 | D:10     | Entered Level 10 of the Dungeon
  8544 | D:10     | Found a shadowy altar of Dithmenos.
  8550 | D:10     | Found a shadowy altar of Dithmenos.
  8756 | D:10     | Noticed Snorg
  8766 | D:10     | Killed Snorg
  8766 | D:10     | Reached skill level 10 in Fighting
  8846 | D:10     | Found a shimmering altar of Xom.
  8846 | D:10     | Found a burning altar of Makhleb.
  8858 | D:10     | Noticed a centaur warrior
  8858 | D:10     | Noticed a centaur warrior
  8868 | D:10     | Killed a centaur warrior
  8871 | D:10     | Killed a centaur warrior
  8879 | D:10     | Reached XP level 12. HP: 56/106 MP: 15/17
  8956 | D:10     | Noticed a centaur warrior
  8956 | D:10     | Reached *** piety under the Shining One
  9036 | D:10     | Noticed a two-headed ogre
  9044 | D:10     | Killed a two-headed ogre
  9107 | D:10     | Killed a centaur warrior
  9269 | D:10     | Got a pair of encrusted gloves
  9287 | D:10     | Identified the +1 pair of gloves "Wenihy" {*Drain rPois rC+++ Int-3} (You found it on level 10 of the Dungeon)
  9578 | D:10     | Noticed Fannar
  9590 | D:10     | Killed Fannar
 10069 | D:11     | Found Ruli Pul's Food Boutique.
 10085 | D:11     | Found Qotiwk's Armour Emporium.
 10108 | D:11     | Noticed Psyche
 10122 | D:11     | Killed Psyche
 10124 | D:11     | Noticed Urug
 10149 | D:11     | Found a labyrinth entrance.
 10161 | D:11     | Found a frozen archway.
 10163 | D:11     | Noticed an ice dragon
 10206 | D:11     | Killed an ice dragon
 10331 | IceCv    | Entered an ice cave
 10340 | IceCv    | Reached skill level 10 in Armour
 10343 | IceCv    | Reached skill level 15 in Axes
 10361 | IceCv    | Reached **** piety under the Shining One
 10457 | IceCv    | Reached skill level 10 in Shields
 10497 | IceCv    | Reached skill level 11 in Fighting
 10524 | IceCv    | Found an ancient bone altar of Kikubaaqudgha.
 10524 | IceCv    | Reached ***** piety under the Shining One
 10533 | IceCv    | Reached skill level 5 in Evocations
 10536 | IceCv    | Reached XP level 13. HP: 116/116 MP: 20/20
 10686 | IceCv    | Reached skill level 10 in Invocations
 10774 | IceCv    | Reached skill level 1 in Slings
 10946 | D:11     | Found Caokhle's Food Boutique.
 10965 | D:11     | Found Limuxedo's Distillery.
 11251 | D:11     | Bought the +3 warlock's mirror {reflect} for 520 gold pieces
 11251 | D:11     | Found the +3 warlock's mirror {reflect}
 11349 | D:11     | Noticed Sonja
 11360 | D:11     | Noticed Josephine
 11363 | D:11     | Killed Sonja
 11370 | D:11     | Reached ****** piety under the Shining One
 11375 | D:11     | Killed Josephine
 11459 | D:11     | Found a staircase to the Lair.
 11479 | D:11     | Killed Urug
 11508 | D:11     | Found Dirin's Book Shop.
 12685 | D:13     | Noticed Frances
 12713 | D:13     | Killed Frances
 12777 | D:13     | Found a gate to the Vaults.
 12897 | D:13     | Reached XP level 14. HP: 113/125 MP: 23/23
 12950 | D:13     | Reached skill level 12 in Fighting
 13963 | D:14     | Identified the Papyrus of Malediction
 14096 | D:15     | Entered Level 15 of the Dungeon
 14140 | D:15     | Learned a level 1 spell: Summon Butterflies
 14579 | D:15     | Found Sutram's Magic Scroll Shoppe.
 14584 | D:15     | Bought a scroll of identify for 28 gold pieces
 14693 | D:11     | Bought the +1 cloak of Starlight {rElec rC+ EV+4 Stlth--} for 578 gold pieces
 14693 | D:11     | Found the +1 cloak of Starlight {rElec rC+ EV+4 Stlth--}
 14869 | D:15     | Reached skill level 5 in Slings
 14977 | D:15     | Found a runed gate.
 14977 | D:15     | Found a runed gate.
 14981 | D:15     | Noticed temitten's ghost (adept BaFi)
 14991 | D:15     | Found a runed gate.
 15526 | D:15     | Found a staircase to the Depths.
 15535 | D:15     | Reached XP level 15. HP: 108/134 MP: 25/25
 15544 | D:15     | Reached skill level 13 in Fighting
 15881 | D:3      | Found a glowing silver altar of Zin.
 15889 | D:3      | Fell from the grace of the Shining One
 15889 | D:3      | Became a worshipper of Zin the Law-Giver
 15889 | D:3      | Reached * piety under Zin
 15889 | D:3      | Reached ** piety under Zin
 15889 | D:3      | Reached *** piety under Zin
 16029 | Orc:1    | Entered Level 1 of the Orcish Mines
 16271 | Orc:1    | Reached **** piety under Zin
 16647 | Orc:2    | Entered Level 2 of the Orcish Mines
 16648 | Orc:2    | Noticed an orc warlord
 16650 | Orc:2    | Paralysed by an orc sorcerer for 3 turns
 16928 | Orc:1    | Killed an orc warlord
 17325 | Orc:2    | Found a staircase to the Elven Halls.
 17499 | Orc:1    | Reached skill level 15 in Invocations
 17782 | Orc:2    | Noticed an orc warlord
 17843 | Orc:1    | Killed an orc warlord
 18368 | Orc:2    | Found Rany's General Store.
 18369 | Orc:2    | Found Suapni's Book Emporium.
 18370 | Orc:2    | Found Tamiu's Antique Armour Emporium.
 18370 | Orc:2    | Found Nurhazug's Antique Weapon Shoppe.
 18448 | Orc:2    | Reached ***** piety under Zin
 18549 | Lair:1   | Entered Level 1 of the Lair of Beasts
 19349 | Lair:2   | Found a staircase to the Snake Pit.
 20183 | Lair:3   | Found a staircase to the Swamp.
 20292 | Lair:3   | Noticed Nergalle
 20313 | Lair:3   | Killed Nergalle
 21099 | Lair:4   | Reached skill level 14 in Fighting
 21671 | Lair:4   | Reached XP level 16. HP: 143/146 MP: 28/28
 23043 | Lair:6   | Entered Level 6 of the Lair of Beasts
 23063 | Lair:6   | Found a runed door.
 23063 | Lair:6   | Found a viscous altar of Jiyva.
 23067 | Lair:6   | Found a staircase to the Slime Pits.
 23093 | Lair:6   | Found a dark tunnel.
 23130 | Volcano  | Entered a volcano
 24423 | Snake:1  | Entered Level 1 of the Snake Pit
 24641 | Snake:1  | Reached ****** piety under Zin
 24794 | Snake:2  | Reached skill level 1 in Summonings
 25024 | Snake:2  | Reached skill level 1 in Spellcasting
 25033 | Snake:2  | Noticed a nagaraja
 25051 | Snake:2  | Noticed Vashnia
 25062 | Snake:2  | Noticed Asterion
 25130 | Snake:2  | Killed Asterion
 25501 | Snake:2  | Reached XP level 17. HP: 154/154 MP: 29/29
 26126 | Snake:2  | Killed Vashnia
 26427 | Snake:3  | Reached skill level 15 in Fighting
 28941 | D:15     | Killed temitten's ghost
 29185 | Snake:4  | Entered Level 4 of the Snake Pit
 29800 | Snake:4  | Reached XP level 18. HP: 120/163 MP: 19/31
 30419 | Snake:4  | Reached skill level 5 in Summonings
 32946 | Snake:4  | Got a serpentine rune of Zot
 33661 | Snake:4  | Identified the Handbook of the Dislocated Frostbite
 34104 | Swamp:1  | Entered Level 1 of the Swamp
 34122 | Swamp:1  | Reached XP level 19. HP: 162/170 MP: 32/32
 35793 | Swamp:3  | Reached skill level 5 in Spellcasting
 35910 | Swamp:3  | Reached skill level 15 in Armour
 35973 | Swamp:3  | Noticed Nikola
 35997 | Swamp:3  | Killed Nikola
 36170 | Swamp:3  | Reached skill level 15 in Shields
 37466 | Swamp:4  | Entered Level 4 of the Swamp
 39174 | Swamp:4  | Got a decaying rune of Zot
 39696 | Vaults:1 | Entered Level 1 of the Vaults
 39789 | Vaults:1 | Reached XP level 20. HP: 163/178 MP: 34/34
 40407 | Vaults:1 | Found Buzxucuts's Assorted Antiques.
 40607 | Vaults:1 | Found a runed gate.
 40608 | Vaults:1 | Found a runed gate.
 40608 | Vaults:1 | Found a runed gate.
 40745 | Vaults:1 | Reached skill level 10 in Slings
 41504 | Vaults:1 | Noticed Aban Veq's ghost (adept GrEE)
 41764 | Vaults:2 | Reached skill level 16 in Fighting
 42435 | Vaults:2 | Reached XP level 21. HP: 158/188 MP: 35/35
 42884 | Vaults:2 | Identified the Reference Book on Dusty Confrontation
 43016 | Vaults:3 | Found Couhuuf's Weapon Shoppe.
 44906 | Vaults:3 | Noticed Boris
 44930 | Vaults:3 | Killed Boris
 45666 | Vaults:3 | Found a staircase to the Crypt.
 45666 | Vaults:3 | Found an ancient bone altar of Kikubaaqudgha.
 45666 | Vaults:3 | Found a basalt altar of Yredelemnul.
 46499 | Vaults:4 | Reached skill level 17 in Fighting
 47029 | Vaults:4 | Reached XP level 22. HP: 150/200 MP: 36/36
 47257 | Vaults:4 | Noticed Sojobo
 47280 | Vaults:4 | Killed Sojobo
 47832 | Vaults:4 | Reached skill level 10 in Evocations
 48305 | Elf:1    | Entered Level 1 of the Elven Halls
 48706 | Elf:1    | Noticed Donald
 48716 | Elf:1    | Killed Donald
 48767 | Elf:1    | Identified the +4 mace "Okhluhui" {crush, rF+ Dex+4} (You found it on level 1 of the Elven Halls)
 49304 | Orc:2    | Bought a scroll of enchant weapon for 82 gold pieces
 49304 | Orc:2    | Bought a potion of flight for 33 gold pieces
 49304 | Orc:2    | Bought a potion of flight for 33 gold pieces
 49494 | Elf:1    | Identified the +8 glaive "Fieseog" {holy, *Noise rC++ rN+++} (You found it on level 1 of the Elven Halls)
 49865 | Elf:2    | Cast into level 3 of the Abyss (trident of distortion)
 51068 | Elf:2    | Escaped the Abyss
 51790 | Elf:2    | Found a runed gate.
 51790 | Elf:2    | Found a runed gate.
 51790 | Elf:2    | Found a runed gate.
 52062 | Elf:2    | Noticed Azrael
 52065 | Elf:2    | Reached skill level 18 in Fighting
 52088 | Elf:2    | Killed Azrael
 52998 | Elf:3    | Entered Level 3 of the Elven Halls
 53041 | Elf:3    | Found a runed gate.
 53041 | Elf:3    | Found a runed gate.
 53043 | Elf:3    | Found a runed gate.
 53063 | Elf:3    | Cast into level 3 of the Abyss (a deep elf sorcerer)
 53063 | Abyss:3  | Found a corrupted altar of Lugonu.
 53116 | Abyss:3  | Got an abyssal rune of Zot
 53164 | Abyss:3  | Reached XP level 23. HP: 145/209 MP: 37/37
 53691 | Elf:3    | Escaped the Abyss
 54304 | Elf:3    | Cast into level 2 of the Abyss (a deep elf sorcerer)
 54780 | Elf:3    | Escaped the Abyss
 55475 | Elf:3    | Found Qidac's Armour Shoppe.
 56705 | Elf:3    | Reached skill level 19 in Fighting
 56940 | Elf:3    | Got a warped tin ring
 57081 | Elf:3    | Identified the ring of the Peculiar Cities {MR+ EV+3 SInv} (You found it on level 3 of the Elven Halls)
 57195 | Elf:3    | Identified the +6 chain mail "Qiun" {rN++ Int-2 Dex+6} (You found it on level 3 of the Elven Halls)
 57255 | Elf:3    | Identified Sif Muna's Papyrus of Changing and Toxins
 57262 | Elf:3    | Identified the ring of Scepticism {rCorr rF+} (You found it on level 3 of the Elven Halls)
 57293 | Elf:3    | Identified the Papyrus of the Creative Traveller
 57302 | Elf:3    | Identified the ring of Ossi Orcheri {+Blink MR+++ Str+2 Dex-3 Stlth+} (You found it on level 3 of the Elven Halls)
 57510 | Elf:3    | Found a runed gate.
 57510 | Elf:3    | Found a runed gate.
 57518 | Elf:3    | Found a runed gate.
 57523 | Elf:3    | Noticed Porghap's ghost (veteran HOFi)
 57566 | Elf:3    | Killed Porghap's ghost
 57840 | Depths:1 | Entered Level 1 of the Depths
 57912 | Depths:1 | Found a gateway to Hell.
 57981 | Depths:1 | Found Pucvoudi's Assorted Antiques.
 57981 | Depths:1 | Found Pumom's Book Boutique.
 57996 | Depths:1 | Found Joijiylu's Food Boutique.
 57997 | Depths:1 | Found Hyhamos's Weapon Shop.
 58011 | Depths:1 | Bought a scroll of teleportation for 105 gold pieces
 58011 | Depths:1 | Bought a scroll of blinking for 262 gold pieces
 58011 | Depths:1 | Bought a scroll of blinking for 262 gold pieces
 58037 | Depths:1 | Reached XP level 24. HP: 218/221 MP: 37/37
 58132 | Depths:1 | Found a snail-covered altar of Cheibriados.
 58726 | Depths:1 | Found a portal to a secret trove of treasure.
 58812 | Depths:1 | Found Vieloqeh's Distillery.
 58844 | Depths:1 | Bought a potion of heal wounds for 50 gold pieces
 59599 | Depths:2 | Noticed a juggernaut
 59939 | Depths:2 | Killed a juggernaut
 59995 | Depths:2 | Found a gateway to a ziggurat.
 60255 | Depths:2 | Reached skill level 20 in Fighting
 60373 | Depths:2 | Noticed a juggernaut
 60430 | Depths:2 | Found the +8 glaive of the Guard {elec, +Rage AC+5 SInv}
 60465 | Depths:2 | Killed a juggernaut
 61644 | Depths:3 | Noticed a caustic shrike
 61649 | Depths:3 | Killed a caustic shrike
 61663 | Depths:3 | Noticed a caustic shrike
 61674 | Depths:3 | Killed a caustic shrike
 61785 | Depths:3 | Found a runed gate.
 61785 | Depths:3 | Found a runed gate.
 61786 | Depths:3 | Found a runed gate.
 61787 | Depths:3 | Found an opulent altar of Gozag.
 61787 | Depths:3 | Found Pifen's Assorted Antiques.
 61787 | Depths:3 | Noticed Pasur's ghost (adept MiFi)
 61964 | Depths:3 | Identified a scroll of acquirement
 61967 | Depths:3 | Got a scorched buckler
 61968 | Depths:3 | Identified the +2 buckler of the Sun {+Inv Int+4 Dex-2 Stlth+} (You acquired it on level 3 of the Depths)
 62265 | Depths:3 | Found a one-way gate to the infinite horrors of the Abyss.
 62363 | Depths:3 | Reached XP level 25. HP: 172/231 MP: 37/37
 62626 | Depths:3 | Noticed Mennas
 62658 | Depths:3 | Killed Mennas
 63051 | Depths:3 | Found a one-way gate leading to the halls of Pandemonium.
 63384 | Depths:3 | Found Ucleh's Assorted Antiques.
 63474 | Depths:3 | Killed Pasur's ghost
 63810 | Depths:3 | Bought a scroll of teleportation for 147 gold pieces
 63810 | Depths:3 | Bought a potion of heal wounds for 245 gold pieces
 63810 | Depths:3 | Bought a pair of faintly glowing gloves for 465 gold pieces
 63856 | Depths:3 | Identified the cursed -6 pair of gloves of Shielding {Int+2 Dex+2} (You bought it in a shop on level 3 of the Depths)
 64286 | Depths:4 | Found an iron altar of Okawaru.
 64697 | Depths:4 | Paralysed by a floating eye for 3 turns
 65012 | Depths:4 | Found a shimmering altar of Xom.
 66028 | Depths:5 | Entered Level 5 of the Depths
 66039 | Depths:5 | Found Gihuam's Armour Emporium.
 66062 | Depths:5 | Noticed a juggernaut
 66091 | Depths:5 | Killed a juggernaut
 66117 | Depths:5 | Reached skill level 15 in Evocations
 66133 | Depths:5 | Noticed Louise
 66148 | Depths:5 | Killed Louise
 66164 | Depths:5 | Found a magical portal.
 66296 | WizLab   | Entered Doroklohe's Tomb
 66527 | WizLab   | Noticed a greater mummy
 67161 | WizLab   | Killed a greater mummy
 69437 | Depths:5 | Found a gate to the Realm of Zot.
 69551 | Depths:1 | Bought a potion of cancellation for 80 gold pieces
 69551 | Depths:1 | Bought a potion of curing for 30 gold pieces
 69551 | Depths:1 | Bought a potion of invisibility for 80 gold pieces
 69551 | Depths:1 | Bought a potion of haste for 100 gold pieces
 69551 | Depths:1 | Bought 2 potions of agility for 80 gold pieces
 69551 | Depths:1 | Bought a potion of invisibility for 80 gold pieces
 69551 | Depths:1 | Bought a potion of cancellation for 80 gold pieces
 69603 | Depths:3 | Bought a scroll of magic mapping for 157 gold pieces
 69603 | Depths:3 | Bought a scroll of enchant armour for 337 gold pieces
 69603 | Depths:3 | Bought a potion of curing for 135 gold pieces
 69801 | D:11     | Bought a potion of might for 60 gold pieces
 69801 | D:11     | Bought 2 potions of agility for 120 gold pieces
 69801 | D:11     | Bought a potion of heal wounds for 75 gold pieces
 69801 | D:11     | Bought a potion of haste for 150 gold pieces
 69801 | D:11     | Bought a potion of curing for 45 gold pieces
 69801 | D:11     | Bought a potion of curing for 45 gold pieces
 69801 | D:11     | Bought a potion of magic for 120 gold pieces
 69801 | D:11     | Bought a potion of heal wounds for 75 gold pieces
 69801 | D:11     | Bought a potion of agility for 60 gold pieces
 69966 | Vaults:5 | Entered Level 5 of the Vaults
 69975 | Vaults:5 | Reached XP level 26. HP: 222/239 MP: 37/37
 72751 | Vaults:4 | Identified the +2 dagger of Brawling {pierce, rElec Dex+7} (You took it off a yaktaur captain on level 4 of the Vaults)
 73563 | Vaults:5 | Got a vibrating crystal amulet
 73572 | Vaults:5 | Identified the amulet of Due Proportion {+Rage rElec rN+ Str+4 Dex-4} (You took it off an orc warrior on level 5 of the Vaults)
 73576 | Vaults:5 | Identified the ring "Ofiuf" {rPois Str+2 Dex+6} (You took it off an orc on level 5 of the Vaults)
 73829 | Vaults:5 | Noticed an ancient lich
 73861 | Vaults:4 | Killed an ancient lich
 75396 | Vaults:5 | Identified The Last Tome of the Archmage
 75710 | Vaults:5 | Got a silver rune of Zot
 75797 | Vaults:5 | Identified the Tome of Conjuration and Changing
 76089 | Depths:1 | You paid a toll of +3 gold dragon scales to enter a treasure trove
 76090 | Trove    | Entered a treasure trove
 76164 | Trove    | Got an ichor-stained large shield
 76166 | Trove    | Got a polished hat
 76177 | Trove    | Got a shimmering large shield
 76193 | Trove    | Identified the +0 large shield "Poxituomij" {rPois rC- MR+++ Str+3} (You found it in a treasure trove)
 76224 | Trove    | Identified the +2 hat of the Many Tales {rF- rCorr Int+2} (You found it in a treasure trove)
 76234 | Trove    | Identified the +4 large shield of Tuul {*Corrode +Fly rPois Regen+} (You found it in a treasure trove)
 76527 | Vaults:1 | Reached skill level 1 in Polearms
 76582 | Vaults:1 | Killed Aban Veq's ghost
 76582 | Vaults:1 | Reached XP level 27. HP: 101/246 MP: 37/37
 77189 | Slime:1  | Entered Level 1 of the Pits of Slime
 79049 | Slime:4  | Reached skill level 5 in Polearms
 80826 | Slime:5  | Entered Level 5 of the Pits of Slime
 82499 | Slime:5  | Noticed the Royal Jelly
 82869 | Slime:5  | Found a viscous altar of Jiyva.
 82870 | Slime:5  | Found the +0 Maxwell's etheric cage {RegenMP+ *Contam rElec MP+4}
 85377 | Zot:1    | Entered Level 1 of the Realm of Zot
 85489 | Zot:1    | Reached skill level 10 in Polearms
 87637 | Zot:2    | Noticed an orb of fire
 88322 | Vaults:5 | Got a blackened plate armour
 88449 | Vaults:5 | Found the +4 dagger "Morg" {pain, MR+ Int+5}
 88558 | Vaults:5 | Identified the +5 plate armour of the Duke {rElec MR+ Str+5} (You found it on level 5 of the Vaults)
 88752 | Vaults:1 | Bought a scroll of teleportation for 102 gold pieces
 88752 | Vaults:1 | Bought a potion of haste for 340 gold pieces
 88752 | Vaults:1 | Bought 2 scrolls of identify for 136 gold pieces
 88928 | Vaults:5 | Got a smoking glass ring
 88929 | Vaults:5 | Identified the ring "Goamez" {rPois rC+} (You found it on level 5 of the Vaults)
 89761 | Zot:2    | Killed an orb of fire
 90576 | Zot:3    | Reached skill level 15 in Polearms
 90610 | Zot:3    | Noticed Tiamat
 92944 | Zot:3    | Killed Tiamat
 93963 | Depths:5 | Voluntarily entered the Abyss.
 94002 | Depths:5 | Escaped the Abyss
 94692 | Hell     | Entered the Vestibule of Hell
 94693 | Hell     | Noticed Geryon
 94722 | Hell     | Killed Geryon
 98237 | Depths:3 | Voluntarily entered the Abyss.
 98245 | Abyss:1  | Paralysed by accursed screaming for 1 turns
 98324 | Abyss:1  | Reached skill level 21 in Fighting
 98354 | Abyss:1  | HP: 8/250 [angel/whip of holy wrath (15)]
 98775 | Depths:3 | Escaped the Abyss
 99126 | Depths:3 | Voluntarily entered the Abyss.
 99218 | Abyss:1  | HP: 9/250 [tentacled monstrosity (7)]
 99222 | Abyss:1  | Quit the game

Vault maps used:
D:1:      nzn_arrival_water_spiral, minivault_11
D:2:      nicolae_overflow_hidden_temple, uniq_jessica
D:3:      wad_lake_hut, zin_academy, lemuel_doored_altar,
          nicolae_dithmenos_shadow_blocks, uniq_natasha, uniq_terence
D:4:      lemuel_crystal_altar, uniq_pikel, uniq_sigmund
D:5:      first_ration
D:6:      minmay_temple_entry_statues_pillars, portal_sewer_entry_e,
          hangedman_minor_gate_pass
D:7:      uniq_menkaure
D:8:      kennysheep_mini_moat, uniq_gastronok
D:9:      orc_0_dummy, grunt_pizzeria, uniq_grum, uniq_maurice,
          uniq_prince_ribbit1, uniq_harold
D:10:     minmay_the_grid_octo_tiled_octocenter, uniq_fannar, uniq_snorg
D:11:     dpeg_oklobed_lair, lab_entry_generic, serial_shops,
          nicolae_shop_statue_plus, shop, shop, nicolae_shop_stone, shop,
          portal_ice_cave_entry_animals_and_master, minmay_misc_feat_roman,
          uniq_josephine, uniq_urug, uniq_psyche, uniq_sonja
D:13:     hangedman_vaults_entry_quadrant_bands, lemuel_another_geyser,
          uniq_frances
D:14:     hangedman_weighted_door
D:15:     grunt_enter_depths_snipers, gammafunk_ghost_split, nicolae_wwwww,
          serial_shops, nicolae_shop_crystal
Temple:   minmay_crystal_spiral_temple
Lair:2:   guppyfry_snake_entry_island
Lair:3:   minmay_swamp_entry_reptiles, uniq_nergalle
Lair:4:   minmay_lair_oklob_chamber, grunt_megastairs_3
Lair:5:   lemuel_fruit_tree
Lair:6:   grunt_lair_end_beastmaster, slime_altar_2,
          nicolae_volcano_entry_hallway, lemuel_fruit_fields
Swamp:1:  evilmike_swamp_ruin_house_3
Swamp:2:  nicolae_swamp_treefoil
Swamp:3:  cheibrodos_swamp_mausoleum, evilmike_swamp_ruin_house_1, uniq_nikola
Swamp:4:  swamp, swamp_pool2, nicolae_swamp_snake_nest
Snake:2:  abandoned_shop, grunt_ministairs_9, uniq_asterion, uniq_vashnia
Snake:3:  spider_trap, nrook_guardian_serpent_double
Snake:4:  grunt_snake_rune_spirals, grunt_ministairs_10,
          nrook_guardian_serpent_ordinary
Orc:2:    st_orc_congregation
Elf:1:    elf_arrival_002, evilmike_minifort, uniq_donald
Elf:2:    uniq_azrael
Elf:3:    minmay_elf_hall_four_x, serial_shops, shop,
          ploomutoo_gammafunk_ghost_potion_laboratory
Vaults:1: gammafunk_vaults_ghost_necromancy, v_misc_24, hangedman_vaults_nodes,
          hangedman_vaults_locks, hangedman_vaults_impose,
          nicolae_vaults_little_squares_4, ontoclasm_vaults_chip, v_pattern_1,
          ontoclasm_vaults_twist, hangedman_vaults_river_flow,
          nicolae_vaults_little_squares_6, v_misc_8, serial_shops,
          nicolae_shop_window_shopping, serial_glass
Vaults:2: ontoclasm_vaults_shuriken, vaults_room_fours, ontoclasm_vaults_eye,
          vaults_room_glass_cross, vaults_room_semicircle,
          nicolae_vaults_rhombus_6, nicolae_vaults_yaktaur_gun_rack
Vaults:3: nicolae_vaults_arrows, v_misc_11, v_rooms_2,
          minmay_crypt_entry_necro_gods, nicolae_vaults_circle_grid_b,
          vaults_room_pool, v_alt_pattern_1, serial_shops, shop_statue,
          uniq_boris
Vaults:4: v_misc_33, grunt_vaults_bifocal, ontoclasm_vaults_echo,
          nicolae_vaults_little_squares_1, vaults_room_fancy_cross,
          grunt_vaults_swirl, ontoclasm_vaults_ring_small,
          vaults_room_semicircle, v_misc_18, vaults_mumra_lcd, uniq_sojobo
Vaults:5: serial_shops
Depths:1: nicolae_trove_entry_columns, cheibriados_altar_1,
          grunt_mini_vestibule, serial_shops, shop,
          serial_sigils_hangedman_confine, kennysheep_generic_room_7,
          minmay_shoptagon
Depths:2: minmay_guarded_unrand_guard, enter_ziggurat_d,
          grunt_hell_entry_dis_mu, nrook_mini_vaults,
          infiniplex_staircase_spiral_double
Depths:3: kennysheep_scales, pf_coc_iceberg, ebering_ghost_gozag, pan_entry,
          abyss_entry, minivault_22, uniq_mennas
Depths:4: due_chaos_kobolds, hellmouth_1, abyss_entry,
          okawaru_ov_weapons_minmay, minmay_misc_feat_tower, spider_trap,
          firewood_loft, minmay_staircase_statues
Depths:5: grunt_zot_entry_gee_three, mu_enter_wizlab_3, hell_entry,
          serial_shops, shop, nicolae_two_hexagons,
          nicolae_abyss_entry_one_way_or_another, minmay_misc_feat_iff
Zot:3:    uniq_tiamat
Abyss:1:  hangedman_abyss_exit_choices, evilmike_abyss_exit_glass
Abyss:2:  hangedman_summoners_spam
Abyss:3:  abyss_furniture_001, evilmike_nicolae_abyss_rune_betentacled_crabyss,
          minivault_26, evilmike_abyss_exit_smiterflies,
          dshaligram_kb_abyss_rune_zappy_water_cross
Trove:    trove_armour_1
Sewer:    sewer_frog_island_02
IceCv:    ice_cave_small_necro
Volcano:  volcano_pools
WizLab:   wizlab_doroklohe

Skill      XL: |  1  2  3  4  5  6  7  8  9 10 11 12 13 14 15 16 17 18 19 20 21 22 23 24 25 26 27 |
---------------+----------------------------------------------------------------------------------+-----
Axes           | 3 4 5 7 9 11 13 14 15 16 17 18 20 | 20.0
Fighting       | 4 5 7 8 9 10 11 12 14 15 16 17 18 19 20 21 | 21.1
Armour         | 4 5 6 7 8 9 10 11 12 13 14 15 16 17 18 19 20 | 20.9
Shields        | 4 5 6 7 8 9 10 11 12 13 14 15 16 17 18 19 20 | 20.9
Invocations    | 2 7 9 12 14 16 17 18 19 20 | 20.0
Evocations     | 1 3 5 7 9 11 12 14 15 18 20 | 20.0
Slings         | 3 5 6 7 9 10 11 12 13 14 | 14.1
Summonings     | 2 4 6 8 9 |  9.0
Spellcasting   | 1 3 4 6 |  6.3
Polearms       | 1 16 | 16.1

Action                   |  1- 3 |  4- 6 |  7- 9 | 10-12 | 13-15 | 16-18 | 19-21 | 22-24 | 25-27 || total
-------------------------+-------+-------+-------+-------+-------+-------+-------+-------+-------++-------
Melee: War axe           |    66 |   139 |    22 |       |       |       |       |       |       ||   227
       Hand axe          |       |       |   370 |   539 |  1518 |  1539 |  1961 |  2231 |  3161 || 11319
       Broad axe         |       |       |       |       |       |    26 |   168 |    25 |    92 ||   311
       Glaive            |       |       |       |       |       |       |       |       |   178 ||   178
 Fire: Hunting sling     |       |       |       |       |    38 |     8 |    11 |    13 |    48 ||   118
       Fustibalus        |       |       |       |       |       |       |       |       |    11 ||    11
 Cast: Summon Butterflie |       |       |       |       |       |       |       |     2 |    11 ||    13
Invok: Summon Divine War |       |       |       |       |     6 |       |       |       |       ||     6
       Cleansing Flame   |       |       |       |       |     4 |       |       |       |       ||     4
       Divine Shield     |       |       |       |       |     1 |       |       |       |       ||     1
       Recite            |       |       |       |       |    14 |    12 |    22 |    30 |    26 ||   104
       Vitalisation      |       |       |       |       |     2 |     7 |       |     2 |     8 ||    19
       Imprison          |       |       |       |       |     2 |     2 |       |     1 |     4 ||     9
       Sanctuary         |       |       |       |       |     1 |     1 |     1 |     7 |     6 ||    16
 Abil: Evoke Berserk Rag |       |       |       |       |       |       |       |       |     1 ||     1
Evoke: Wand              |       |       |       |       |       |       |     1 |    11 |    14 ||    26
       Lamp of fire      |       |       |       |       |       |       |       |     2 |     5 ||     7
       Lightning rod     |       |       |       |       |       |       |       |     4 |     8 ||    12
       Phial of floods   |       |       |       |       |       |       |       |       |     4 ||     4
       Sack of spiders   |       |       |       |       |       |       |       |       |     1 ||     1
  Use: Potion            |       |     1 |       |     3 |     4 |     5 |     1 |    12 |    34 ||    60
       Scroll            |       |       |    14 |     7 |    10 |    15 |     7 |    29 |    42 ||   124
 Stab: Paralysed         |       |       |       |       |    17 |     3 |    17 |    19 |     1 ||    57
       Invisible         |       |       |       |       |    10 |       |       |     2 |     5 ||    17
       Confused          |       |       |       |       |     6 |    13 |    46 |    31 |    12 ||   108
       Petrified         |       |       |       |       |     4 |    14 |       |       |       ||    18
       Petrifying        |       |       |       |       |       |     2 |       |       |       ||     2
       Distracted        |       |       |       |       |       |       |       |     2 |       ||     2
  Eat: Chunk             |       |     4 |    10 |    12 |    20 |    13 |    10 |     9 |     7 ||    85
       Ration            |       |       |     1 |     1 |     6 |     8 |    10 |    12 |    33 ||    71
Armor: Scale mail        |    29 |    63 |    86 |     2 |       |       |       |       |       ||   180
       Plate armour      |       |       |       |   159 |   603 |   572 |   747 |   842 |  2032 ||  4955
       Skin              |       |       |       |       |     7 |       |       |       |       ||     7
Dodge: Dodged            |    30 |    59 |    76 |    61 |   340 |   490 |   527 |   549 |  1137 ||  3269
Block: Shield            |    30 |    84 |   146 |   232 |    56 |       |       |       |       ||   548
       Reflection        |       |       |       |     1 |    67 |   148 |   110 |   132 |   162 ||   620
       Buckler           |       |       |       |       |   735 |   936 |  1045 |  1093 |  1473 ||  5282

Table legend:
 A = Spawn XP
 B = Non-spawn XP
 C = Spawn XP percentage of total XP
 D = Spawn monster count
 E = Non-spawn monster count
 F = Spawn count percentage of total count
 G = Total turns spent on level
                    A         B        C        D         E        F      G
               +---------+---------+-------+---------+---------+-------+---------
         Total |   48249 | 1546753 |   3.0 |      75 |    2712 |   2.7 | 99222
               +---------+---------+-------+---------+---------+-------+---------
           D:1 |       0 |      19 |   0.0 |       0 |      11 |   0.0 |   777
           D:2 |       0 |     107 |   0.0 |       0 |      10 |   0.0 |   392
           D:3 |       0 |     222 |   0.0 |       0 |      31 |   0.0 |  1064
           D:4 |       0 |    1220 |   0.0 |       0 |      12 |   0.0 |  1216
           D:5 |       0 |     339 |   0.0 |       0 |      14 |   0.0 |   958
           D:6 |       0 |    1605 |   0.0 |       0 |      39 |   0.0 |   766
           D:7 |       0 |     759 |   0.0 |       0 |      17 |   0.0 |  1200
           D:8 |       0 |    3570 |   0.0 |       0 |      22 |   0.0 |  1034
           D:9 |       0 |    5391 |   0.0 |       0 |      52 |   0.0 |   898
          D:10 |       0 |   10015 |   0.0 |       0 |      46 |   0.0 |  1788
          D:11 |       0 |   10111 |   0.0 |       0 |      51 |   0.0 |  1581
          D:12 |       0 |    2791 |   0.0 |       0 |      30 |   0.0 |   726
          D:13 |       0 |   19119 |   0.0 |       0 |      58 |   0.0 |  1552
          D:14 |       0 |    9343 |   0.0 |       0 |      41 |   0.0 |   693
          D:15 |       0 |   27679 |   0.0 |       0 |      57 |   0.0 |  2844
        Lair:1 |       0 |    3705 |   0.0 |       0 |      35 |   0.0 |   845
        Lair:2 |       0 |    7035 |   0.0 |       0 |      30 |   0.0 |  1022
        Lair:3 |       0 |    7954 |   0.0 |       0 |      28 |   0.0 |  1428
        Lair:4 |       0 |    5495 |   0.0 |       0 |      24 |   0.0 |  1054
        Lair:5 |       0 |    5271 |   0.0 |       0 |      19 |   0.0 |   895
        Lair:6 |       0 |   17876 |   0.0 |       0 |      52 |   0.0 |  1128
       Swamp:1 |       0 |   11740 |   0.0 |       0 |      38 |   0.0 |   861
       Swamp:2 |       0 |    6117 |   0.0 |       0 |      22 |   0.0 |   848
       Swamp:3 |       0 |   28850 |   0.0 |       0 |      69 |   0.0 |  2431
       Swamp:4 |       0 |   30122 |   0.0 |       0 |      64 |   0.0 |  1302
       Snake:1 |       0 |    4263 |   0.0 |       0 |       8 |   0.0 |  1131
       Snake:2 |       0 |   38837 |   0.0 |       0 |      53 |   0.0 |  1766
       Snake:3 |       0 |   25221 |   0.0 |       0 |      51 |   0.0 |  1576
       Snake:4 |       0 |   82896 |   0.0 |       0 |     126 |   0.0 |  4527
       Slime:1 |       0 |   15059 |   0.0 |       0 |      23 |   0.0 |   998
       Slime:2 |       0 |   18916 |   0.0 |       0 |      37 |   0.0 |   776
       Slime:3 |       0 |   13969 |   0.0 |       0 |      28 |   0.0 |  1915
       Slime:4 |       0 |   29062 |   0.0 |       0 |      57 |   0.0 |  2835
       Slime:5 |       0 |   31405 |   0.0 |       0 |      28 |   0.0 |  1301
         Orc:1 |       0 |    8127 |   0.0 |       0 |      45 |   0.0 |  1616
         Orc:2 |       0 |   12499 |   0.0 |       0 |     109 |   0.0 |  1006
         Elf:1 |       0 |   24347 |   0.0 |       0 |      39 |   0.0 |  1455
         Elf:2 |       0 |   51729 |   0.0 |       0 |      83 |   0.0 |  3416
         Elf:3 |       0 |   91001 |   0.0 |       0 |      84 |   0.0 |  2047
      Vaults:1 |       0 |   72026 |   0.0 |       0 |     123 |   0.0 |  2595
      Vaults:2 |       0 |   41807 |   0.0 |       0 |      76 |   0.0 |  2674
      Vaults:3 |       0 |   53516 |   0.0 |       0 |      82 |   0.0 |  1938
      Vaults:4 |       0 |  109738 |   0.0 |       0 |     110 |   0.0 |  6622
      Vaults:5 |       0 |  109240 |   0.0 |       0 |      95 |   0.0 |  2598
      Depths:1 |       0 |   71557 |   0.0 |       0 |      95 |   0.0 |  4039
      Depths:2 |       0 |   63759 |   0.0 |       0 |      52 |   0.0 |  2261
      Depths:3 |       0 |   67243 |   0.0 |       0 |      57 |   0.0 |  3550
      Depths:4 |       0 |   36244 |   0.0 |       0 |      52 |   0.0 |  1697
      Depths:5 |    3360 |   54760 |   5.8 |       2 |      43 |   4.4 |  3236
          Hell |       0 |   15189 |   0.0 |       0 |      21 |   0.0 |   145
         Zot:1 |       0 |   39407 |   0.0 |       0 |      29 |   0.0 |  1516
         Zot:2 |       0 |   42933 |   0.0 |       0 |      21 |   0.0 |  2899
         Zot:3 |       0 |   39092 |   0.0 |       0 |      22 |   0.0 |  1718
         Zot:4 |       0 |   12263 |   0.0 |       0 |       6 |   0.0 |   257
       Abyss:1 |   25293 |    5435 |  82.3 |      28 |      10 |  73.7 |   673
       Abyss:2 |    3730 |    8689 |  30.0 |      10 |      11 |  47.6 |   476
       Abyss:3 |   15866 |   16977 |  48.3 |      35 |      34 |  50.7 |  1831
         Sewer |       0 |     353 |   0.0 |       0 |      52 |   0.0 |   308
         IceCv |       0 |    6528 |   0.0 |       0 |      54 |   0.0 |   576
       Volcano |       0 |    2477 |   0.0 |       0 |       6 |   0.0 |   192
        WizLab |       0 |   13734 |   0.0 |       0 |      18 |   0.0 |  1445
               +---------+---------+-------+---------+---------+-------+---------
